[Event "Team 45 45 League T66"]
[Site "Internet Chess Club"]
[Date "2015.09.27"]
[Round "4"]
[White "AVEMARIA"]
[Black "kidcobra"]
[Result "1/2-1/2"]
[WhiteElo "1613"]
[BlackElo "1812"]
[Opening "Sicilian: accelerated fianchetto, exchange variation"]
[ECO "B34"]
[Time "16:46:10"]
[TimeControl "2700+45"]

1. e4 c5 2. Nf3 Nc6 3. d4 cxd4 4. Nxd4 g6 5. Nxc6 bxc6 6. Nc3 Bg7 7. Bd2 e6 8.
Bd3 d5 9. exd5 cxd5 10. O-O Nf6 11. Rb1 a5 12. Re1 O-O 13. Bg5 h6 14. Bd2 Re8
15. Ne2 Ng4 16. h3 Ne5 17. Bb5 Bd7 18. Bxd7 Qxd7 19. Bc3 Nc4 20. Bxg7 Kxg7 21.
b3 Na3 22. Rc1 Qb7 23. Qd4+ f6 24. Qb2 Nc4 25. Qd4 e5 26. Qg4 f5 27. Qg3 Nb6 28.
Qd3 Nd7 29. c4 d4 30. f4 Nc5 31. Qd1 d3 32. Nc3 e4 33. Qd2 Rad8 34. Nd5 Qc6 35.
Rcd1 Nb7 36. Qc3+ Kf7 37. Kh2 {Game drawn by mutual agreement} 1/2-1/2

[Event "Team 45 45 League T66"]
[Site "Internet Chess Club"]
[Date "2015.09.24"]
[Round "4"]
[White "KidRattler"]
[Black "Kingofknights"]
[Result "1-0"]
[WhiteElo "1752"]
[BlackElo "1515"]
[Opening "Caro-Kann: two knights, 3...Bg4"]
[ECO "B11"]
[Time "19:32:52"]
[TimeControl "2700+45"]

1. e4 c6 2. Nc3 d5 3. Nf3 Bg4 4. exd5 Nf6 5. d4 Nxd5 6. Ne4 e6 7. a3 Be7 8. c4
Nf6 9. Nxf6+ Bxf6 10. Be3 O-O 11. Bd3 Bxf3 12. Qxf3 Qa5+ 13. Bd2 Qc7 14. O-O Nd7
15. Rfe1 c5 16. Bf4 Qb6 17. d5 exd5 18. Qxd5 Rad8 19. Qe4 g6 20. Bh6 Bg7 21.
Bxg7 Kxg7 22. Re2 Nf6 23. Qf3 Qd6 24. Rd1 b6 25. Rdd2 Rfe8 26. g3 Rxe2 27. Qxe2
Re8 28. Qd1 Qc6 29. Bc2 Qe6 30. Bd3 Qe1+ 31. Qxe1 Rxe1+ 32. Kg2 Ne4 33. Re2 Rxe2
34. Bxe2 Kf6 35. Kf3 Ke5 36. Ke3 Nd6 37. f4+ Kf6 38. g4 h6 39. b3 g5 40. h3 Ke6
41. Bd3 f5 42. Bxf5+ Nxf5+ 43. gxf5+ Kxf5 44. fxg5 Kxg5 45. Kf3 h5 46. Kg3 h4+
47. Kf3 Kf5 48. Ke3 a6 49. Kf3 a5 50. a4 Kg5 51. Ke4 {Black resigns} 1-0

[Event "Team 45 45 League T66"]
[Site "Internet Chess Club"]
[Date "2015.09.23"]
[Round "4"]
[White "tightfist"]
[Black "BJJ"]
[Result "1-0"]
[WhiteElo "1613"]
[BlackElo "1469"]
[Opening "Réti opening"]
[ECO "A04"]
[Time "22:03:27"]
[TimeControl "2700+45"]

1. Nf3 g6 2. d4 Bg7 3. e4 d5 4. Nc3 dxe4 5. Nxe4 Bg4 6. c3 c6 7. Be2 Nd7 8. O-O
Ngf6 9. Ng3 O-O 10. Qb3 Qc7 11. Re1 Nd5 12. Bd2 N7f6 13. Ne5 Bxe2 14. Rxe2 e6
15. Rae1 Rfe8 16. c4 Ne7 17. a4 Rad8 18. Bc3 Nd7 19. f4 Nxe5 20. dxe5 Rd3 21.
Re3 Red8 22. Rxd3 Rxd3 23. Kf1 Qd7 24. Ne4 Qc7 25. Nd6 Nf5 26. Qxb7 Qxb7 27.
Nxb7 Nd4 28. Nc5 Rxc3 29. bxc3 Nf5 30. Kf2 Bf8 31. Nd7 Ba3 32. Rb1 Be7 33. Rb8+
Kg7 34. Ra8 Ba3 35. Rxa7 Ne7 36. Ke2 Nf5 37. Rc7 Bc1 38. g3 Bb2 39. Kd3 Ne7 40.
a5 Ba3 41. a6 g5 42. a7 gxf4 43. gxf4 Bc1 44. a8=Q Bxf4 45. Qf8+ Kg6 46. Ke4 Nf5
47. Kxf4 Ng7 48. Nf6 Nh5+ 49. Nxh5 c5 50. Qxf7+ Kh6 51. Qxh7# {Black checkmated}
1-0

[Event "Team 45 45 League T66"]
[Site "Internet Chess Club"]
[Date "2015.09.28"]
[Round "4"]
[White "Lrn2Mate"]
[Black "primerpaso"]
[Result "0-1"]
[WhiteElo "1579"]
[BlackElo "1906"]
[Opening "English opening"]
[ECO "A16"]
[Time "21:34:28"]
[TimeControl "2700+45"]

1. c4 Nf6 2. Nc3 g6 3. g3 Bg7 4. Bg2 O-O 5. d4 c6 6. e4 d6 7. Nge2 Nbd7 8. O-O
e5 9. d5 c5 10. a3 Ne8 11. Qd3 f5 12. f4 Ndf6 13. Rb1 Qe7 14. b4 b6 15. bxc5
bxc5 16. Be3 Ng4 17. Bd2 exf4 18. Bxf4 fxe4 19. Qxe4 Ne5 20. Bxe5 Bxe5 21. Rxf8+
Qxf8 22. Qf3 Qg7 23. Ne4 Bf5 24. g4 Bc8 25. h4 Nf6 26. Nxf6+ Bxf6 27. g5 Bd4+
28. Kh1 Bf5 29. Rd1 Be5 30. Bh3 Rf8 31. Bxf5 Rxf5 32. Qh3 Qf8 33. Ng3 Rf3 34.
Qe6+ Kh8 35. Ne2 Rf2 36. Qg4 Rh2+ 37. Kg1 Qf2# {White checkmated} 0-1

[Event "Team 45 45 League T66"]
[Site "Internet Chess Club"]
[Date "2015.09.26"]
[Round "4"]
[White "gokuxxx"]
[Black "clarinetref"]
[Result "0-1"]
[WhiteElo "1427"]
[BlackElo "1632"]
[Opening "Dunst (Sleipner, Heinrichsen) opening"]
[ECO "A00"]
[Time "22:03:28"]
[TimeControl "2700+45"]

1. Nc3 g6 2. e4 e5 3. Nf3 Bg7 4. d4 exd4 5. Nxd4 d6 6. Bc4 Nf6 7. O-O O-O 8. Bg5
Qe8 9. Ncb5 Qd7 10. Qf3 a6 11. Bxf6 axb5 12. Bxg7 Kxg7 13. Bxb5 Nc6 14. c3 Nxd4
15. Bxd7 Nxf3+ 16. gxf3 Bxd7 17. Rfd1 Ra5 18. Rd5 Rxd5 19. exd5 Re8 20. Kg2 Re5
21. c4 Rg5+ 22. Kh1 Bh3 {White resigns} 0-1

[Event "Team 45 45 League T66"]
[Site "Internet Chess Club"]
[Date "2015.09.25"]
[Round "4"]
[White "tryanything"]
[Black "QuieroAprender"]
[Result "0-1"]
[WhiteElo "1572"]
[BlackElo "1797"]
[Opening "Ponziani: Jaenisch counter-attack"]
[ECO "C44"]
[Time "19:00:32"]
[TimeControl "2700+45"]

1. e4 e5 2. Nf3 Nc6 3. c3 Nf6 4. Bd3 Bc5 5. O-O a6 6. Bc2 d6 7. h3 h6 8. d4 exd4
9. cxd4 Ba7 10. a3 O-O 11. Nc3 b5 12. Qd3 Bb7 13. Re1 Re8 14. Bf4 Nh5 15. Bh2 g6
16. Rad1 Ng7 17. e5 dxe5 18. dxe5 Qxd3 19. Rxd3 Red8 20. Nd5 Ne6 21. Nf6+ Kg7
22. Red1 Rxd3 23. Rxd3 Rd8 24. Rxd8 Ncxd8 25. Be4 Bxe4 26. Nxe4 Nc5 27. Nxc5
Bxc5 28. Bf4 Ne6 29. Bc1 Nd4 30. Kf1 Nxf3 31. gxf3 Bd4 32. f4 c5 33. Ke2 h5 34.
f3 Kf8 35. Kd3 Ke7 36. b3 Ke6 37. Ke4 f6 38. exf6 Bxf6 39. Be3 c4 40. bxc4 bxc4
41. Bd4 c3 42. Bxf6 Kxf6 43. Kd3 Kf5 44. Kxc3 Kxf4 45. Kb4 Kxf3 46. Ka5 Kg3 47.
Kxa6 Kxh3 48. a4 g5 49. a5 g4 50. Kb7 g3 51. a6 g2 52. a7 g1=Q 53. a8=Q Qg2+
{White resigns} 0-1

[Event "Team 45 45 League T66"]
[Site "Internet Chess Club"]
[Date "2015.09.28"]
[Round "4"]
[White "olivermx"]
[Black "PostMike"]
[Result "0-1"]
[WhiteElo "1322"]
[BlackElo "1556"]
[Opening "Sicilian: Alapin's variation (2.c3)"]
[ECO "B22"]
[Time "14:35:24"]
[TimeControl "2700+45"]

1. e4 c5 2. c3 d5 3. d3 dxe4 4. dxe4 Qxd1+ 5. Kxd1 Nc6 6. Be3 e6 7. Nd2 Bd7 8.
Ngf3 Nf6 9. Bd3 Ng4 10. Ke2 Nxe3 11. Kxe3 e5 12. Nc4 f6 13. Rad1 b5 14. Ncd2 c4
15. Bc2 Bc5+ 16. Ke2 Rd8 17. b4 Be7 18. a4 a6 19. a5 O-O 20. Nf1 Bg4 21. h3 Rxd1
22. Bxd1 Bc8 23. Ne3 Be6 24. Bc2 Rd8 25. Rd1 g6 26. Rxd8+ Nxd8 27. Nd5 Bxd5 28.
exd5 Nf7 29. g4 Kg7 30. Be4 Nd6 31. Bc2 Kf7 32. Nd2 f5 33. gxf5 gxf5 34. f3 Kg6
35. Kf2 Bh4+ 36. Kg2 Kg5 37. Nf1 Kf4 38. Nd2 e4 39. fxe4 fxe4 40. Bd1 Be1 41.
Nb1 Ke5 42. Kf1 Bh4 43. Kg2 Kxd5 44. Bg4 Ke5 45. Nd2 Kf4 46. Nb1 Bf6 47. Kf2 Nf5
48. Bxf5 Kxf5 49. Ke3 Bg5+ 50. Kf2 e3+ 51. Ke2 Ke4 52. Na3 Kf4 53. Nc2 Kg3 54.
Nxe3 Bxe3 55. Kxe3 Kxh3 56. Kd4 Kg4 57. Kc5 h5 58. Kb6 h4 59. Kxa6 h3 60. Kb7 h2
61. a6 h1=Q+ 62. Kb8 Qh8+ 63. Kb7 Qg7+ 64. Kb8 Qf8+ 65. Kb7 Qe7+ 66. Kb8 Qd6+
67. Kb7 Qd5+ 68. Kb8 Kf4 69. a7 Ke4 70. a8=Q Qxa8+ 71. Kxa8 Kd3 72. Kb7 Kxc3 73.
Kb6 Kxb4 {White resigns} 0-1

[Event "Team 45 45 League T66"]
[Site "Internet Chess Club"]
[Date "2015.09.28"]
[Round "4"]
[White "CaoCao"]
[Black "NicoloPags"]
[Result "0-1"]
[WhiteElo "1943"]
[BlackElo "2118"]
[Opening "Philidor: Improved Hanham variation"]
[ECO "B07"]
[Time "19:12:16"]
[TimeControl "2700+45"]

1. e4 d6 2. d4 Nf6 3. Nc3 e5 4. Nf3 Nbd7 5. Bc4 Be7 6. dxe5 dxe5 7. Bxf7+ Kxf7
8. Ng5+ Kg6 9. Ne6 Qg8 10. Nxc7 Rb8 11. N7d5 Nxd5 12. Qg4+ Kf7 13. exd5 Nf6 14.
Qe2 Bd6 15. Nb5 Qd8 16. O-O Rf8 17. c4 Kg8 18. Be3 a6 19. Nxd6 Qxd6 20. Rad1 b6
21. h3 Bf5 22. a3 Nd7 23. b4 a5 24. Qb2 Rbc8 25. Qb3 Qg6 {White resigns} 0-1

[Event "Team 45 45 League T66"]
[Site "Internet Chess Club"]
[Date "2015.09.27"]
[Round "4"]
[White "willhelm"]
[Black "achessman"]
[Result "1/2-1/2"]
[WhiteElo "1917"]
[BlackElo "1891"]
[Opening "Queen's pawn game"]
[ECO "D02"]
[Time "22:00:54"]
[TimeControl "2700+45"]

1. d4 d5 2. Nf3 e6 3. c4 c6 4. e3 Bd6 5. Nc3 f5 6. Ne5 Nf6 7. f4 O-O 8. Bd3 Ne4
9. Bxe4 dxe4 10. O-O b6 11. Qe2 Bb7 12. a3 c5 13. Rd1 Qc8 14. Nb5 Be7 15. dxc5
Bxc5 16. b4 Be7 17. Bb2 a5 18. Nd6 Qc7 19. Nxb7 Qxb7 20. b5 Ra7 21. Rd2 Qc8 22.
Rad1 Rc7 23. Bd4 Qb7 24. a4 Bf6 25. Rc2 Rfc8 26. Rdc1 Nd7 27. Nc6 Rxc6 28. bxc6
Qxc6 29. Ra2 Qd6 30. Qd2 Bxd4 31. exd4 Rc6 32. g3 Kf7 33. Rac2 h5 34. Qc3 Nf6
35. c5 Qd7 36. Qb2 bxc5 37. Rxc5 Rxc5 38. dxc5 Nd5 39. Qb5 Qd8 40. c6 Nb4 41.
Qb7+ Kf6 42. Qd7 Qb6+ 43. Kg2 Qe3 44. Qd8+ Kf7 45. Qd7+ Kf6 46. Qd8+ Kf7 47.
Qd7+ Kf6 {Game drawn by repetition} 1/2-1/2

[Event "Team 45 45 League T66"]
[Site "Internet Chess Club"]
[Date "2015.09.27"]
[Round "4"]
[White "Frankly"]
[Black "NAS"]
[Result "0-1"]
[WhiteElo "1727"]
[BlackElo "1817"]
[Opening "King's Indian defense, 3.Nc3"]
[ECO "E61"]
[Time "12:02:33"]
[TimeControl "2700+45"]

1. d4 Nf6 2. c4 g6 3. Nc3 c5 4. d5 e6 5. e4 exd5 6. exd5 d6 7. Bd3 Bg7 8. h3 O-O
9. Nf3 Na6 10. O-O Nc7 11. a4 b6 12. Bg5 Bd7 13. Qd2 Nce8 14. Rfe1 Rb8 15. Re2
a6 16. Rae1 Qc8 17. Re7 b5 18. axb5 axb5 19. cxb5 c4 20. Be4 Nxe4 21. R1xe4 Bxb5
22. Bh6 Bd7 23. Bxg7 Nxg7 24. Re1 Nf5 25. R7e4 Qd8 26. Rxc4 Bb5 27. Nxb5 Rxb5
28. Kh2 Qf6 29. Rb4 Rc5 30. Rf4 Qg7 31. g4 Nh6 32. h4 Rfc8 33. Nd4 Rxd5 34. Qe3
Re5 35. Qd2 Rce8 36. Rc1 Rd5 37. Qb4 Qe5 38. Nc6 Qe2 39. Kg2 Qe6 40. Nd4 Qe5 41.
Nc6 Qe6 42. Nd4 Qd7 43. Nc6 Qe6 44. Qa4 g5 45. hxg5 Rxg5 46. Rcc4 Qd5+ 47. Kh2
Re1 48. Qa8+ Kg7 49. f3 Qd2+ 50. Kg3 Rh5 51. Rxf7+ Nxf7 52. gxh5 Rg1+ 53. Kh4
Qh2# {White checkmated} 0-1

[Event "Team 45 45 League T66"]
[Site "Internet Chess Club"]
[Date "2015.09.24"]
[Round "4"]
[White "Innes"]
[Black "Constrictor"]
[Result "0-1"]
[WhiteElo "1626"]
[BlackElo "1606"]
[Opening "Alekhine's defense: two pawns' (Lasker's) attack"]
[ECO "B02"]
[Time "18:00:16"]
[TimeControl "2700+45"]

1. e4 Nf6 2. e5 Nd5 3. c4 Nb6 4. c5 Nd5 5. Bc4 e6 6. Nc3 Nxc3 7. dxc3 Nc6 8. Bf4
Bxc5 9. Qg4 g5 10. Bxg5 Rg8 11. f4 Nxe5 12. Qh5 Rxg5 13. fxg5 Nxc4 14. Nf3 d6
15. Qxh7 Qe7 16. O-O-O Bd7 17. Qh8+ Qf8 18. Qf6 Bc6 19. Nd4 Ne3 20. g6 Nd5 21.
Qg5 Qg7 22. gxf7+ Kxf7 23. Qh5+ Qg6 24. Rdf1+ Nf6 25. Qxg6+ Kxg6 26. Rf2 Bxd4
27. cxd4 Rh8 28. Rhf1 Ne4 29. Rf8 Rxh2 30. R1f7 Rh7 31. Rxh7 Kxh7 32. Rf7+ Kg6
33. Rxc7 Ng3 34. Rc8 Ne2+ 35. Kd2 Nxd4 36. Kd3 Nf5 37. g4 Ng7 38. Ra8 a6 39. Rd8
Bf3 40. Rxd6 Bxg4 41. Ke4 Bh3 42. Kf3 Bf5 43. Rb6 Bb1 44. a3 Ba2 45. b3 Kf6 46.
Rxb7 Nf5 47. Ke4 Nd6+ {White resigns} 0-1

[Event "Team 45 45 League T66"]
[Site "Internet Chess Club"]
[Date "2015.09.23"]
[Round "4"]
[White "fhunfi"]
[Black "ChessHouston"]
[Result "0-1"]
[WhiteElo "1848"]
[BlackElo "1963"]
[Opening "King's pawn opening"]
[ECO "B07"]
[Time "11:00:59"]
[TimeControl "2700+45"]

1. e4 d6 2. c4 c5 3. Nf3 Nf6 4. Nc3 g6 5. d4 cxd4 6. Nxd4 Bg7 7. Be2 O-O 8. Be3
Nc6 9. Nb3 Ne5 10. h3 Be6 11. Nd2 Rc8 12. Nd5 b6 13. O-O Qd7 14. Kh2 Nc6 15. Qa4
Rfe8 16. Rac1 Nb8 17. Qxd7 Bxd7 18. b3 Na6 19. Bd3 Nc5 20. Bb1 Bc6 21. f3 e6 22.
Nb4 Bb7 23. Bf4 Rcd8 24. Rfe1 Nh5 25. Be3 Be5+ 26. Kg1 Nf4 27. Bxf4 Bxf4 28.
Rcd1 d5 29. exd5 exd5 30. Nf1 Rxe1 31. Rxe1 dxc4 32. bxc4 a5 33. Nd5 Bxd5 34.
Rd1 Na4 35. Rd3 b5 36. cxd5 Nb6 37. Bc2 Rxd5 38. Rxd5 Nxd5 39. Kf2 a4 40. g3 Bc1
41. Be4 Nc3 42. Bc6 b4 43. Ne3 Bxe3+ 44. Kxe3 b3 45. axb3 a3 {White resigns} 0-1

[Event "Team 45 45 League T66"]
[Site "Internet Chess Club"]
[Date "2015.09.25"]
[Round "4"]
[White "IshanR"]
[Black "kidcobra"]
[Result "1/2-1/2"]
[WhiteElo "1870"]
[BlackElo "1821"]
[Opening "Vienna game"]
[ECO "C25"]
[Time "21:09:06"]
[TimeControl "2700+45"]

1. e4 e5 2. Nc3 d6 3. f4 f5 4. fxe5 dxe5 5. Nf3 Bd6 6. Bc4 Nf6 7. d3 h6 8. Qe2
Qe7 9. Be3 fxe4 10. Nxe4 Nxe4 11. dxe4 Nc6 12. Qf2 Be6 13. Bxe6 Qxe6 14. O-O O-O
15. Qg3 Be7 16. Nh4 Bxh4 17. Qxh4 Nd4 18. Bxd4 exd4 19. Qg3 Qxe4 20. Qxc7 Rac8
21. Rxf8+ Rxf8 22. Qc4+ Kh8 23. Rf1 Qe3+ 24. Kh1 Rxf1+ 25. Qxf1 Qe4 26. Qf2 Kg8
27. h3 Qd5 28. a4 Qc4 29. b3 Qc3 30. Kh2 d3 31. cxd3 Qxd3 32. Qxa7 Qxb3 33. a5
Qb4 34. Qb8+ Qf8 35. Qxf8+ Kxf8 36. Kg3 Ke7 37. Kf4 Kf6 {Game drawn by mutual
agreement} 1/2-1/2

[Event "Team 45 45 League T66"]
[Site "Internet Chess Club"]
[Date "2015.09.26"]
[Round "4"]
[White "Timotheous"]
[Black "Signalman"]
[Result "1/2-1/2"]
[WhiteElo "1803"]
[BlackElo "1803"]
[Opening "Réti opening"]
[ECO "A14"]
[Time "08:40:52"]
[TimeControl "2700+45"]

1. Nf3 e6 2. c4 Nf6 3. g3 Be7 4. Bg2 d5 5. b3 O-O 6. Bb2 b6 7. O-O Bb7 8. e3 c5
9. Qe2 Qc7 10. Nc3 Nbd7 11. d3 Rad8 12. Ne1 dxc4 13. dxc4 Bxg2 14. Nxg2 a6 15.
a4 Nb8 16. f4 Nc6 17. g4 Nb4 18. g5 Ne8 19. Ne1 Qc6 20. h4 Nd6 21. e4 Nb7 22.
Rb1 Rd4 23. Nf3 Rdd8 24. Ne1 Rd4 25. Nf3 Rdd8 {Game drawn by mutual agreement}
1/2-1/2

[Event "Team 45 45 League T66"]
[Site "Internet Chess Club"]
[Date "2015.09.27"]
[Round "4"]
[White "LiangLiang"]
[Black "RUPIS"]
[Result "1/2-1/2"]
[WhiteElo "1821"]
[BlackElo "1682"]
[Opening "French: Rubinstein variation"]
[ECO "C03"]
[Time "12:30:12"]
[TimeControl "2700+45"]

1. e4 e6 2. d4 d5 3. Nd2 dxe4 4. Nxe4 Nd7 5. Nf3 Ngf6 6. Nxf6+ Nxf6 7. Bd3 Be7
8. Qe2 b6 9. Be3 Bb7 10. Ne5 O-O 11. O-O-O Bxg2 12. Rhg1 Be4 13. Bxe4 Nxe4 14.
Nc6 Qd7 15. Nxe7+ Qxe7 16. Qg4 f5 17. Qg2 Rad8 18. Bf4 c5 19. Be5 Rf7 20. f3 Nf6
21. Qh3 Nd7 22. Bf4 cxd4 23. Rg2 e5 24. Bg5 Nf6 25. Qxf5 Rd6 26. Rdg1 Qe6 27.
Qd3 Qxa2 28. Bh6 Rdd7 29. Qf5 Qa1+ 30. Kd2 Qa5+ 31. Ke2 Qb5+ 32. Kf2 Qc6 33. Qd3
e4 34. Qb3 e3+ 35. Ke2 Ng4 36. Rxg4 Qxf3+ 37. Kd3 Qf5+ 38. Ke2 Qf2+ 39. Kd3 Qd2+
40. Ke4 Re7+ 41. Kd5 Qa5+ 42. Kc4 b5+ 43. Kd5 b4+ 44. Kxd4 Qb6+ 45. Kd3 Rd7+ 46.
Ke2 Qa6+ 47. Ke1 Qa1+ 48. Ke2 Qa6+ 49. Ke1 Qa1+ 50. Ke2 Qa6+ 51. Ke1 Qa1+ 52.
Ke2 Qa6+ 53. Ke1 Qa1+ 54. Ke2 Qa6+ {Game drawn by repetition} 1/2-1/2

[Event "Team 45 45 League T66"]
[Site "Internet Chess Club"]
[Date "2015.09.25"]
[Round "4"]
[White "Otelo"]
[Black "TerryMalloy"]
[Result "1/2-1/2"]
[WhiteElo "1858"]
[BlackElo "2020"]
[Opening "Sicilian: Grand Prix attack"]
[ECO "B23"]
[Time "21:19:23"]
[TimeControl "2700+45"]

1. e4 c5 2. Nc3 Nc6 3. f4 g6 4. Nf3 Bg7 5. Bb5 Nd4 6. O-O Nh6 7. d3 O-O 8. h3 a6
9. Ba4 b5 10. Bb3 e6 11. Nxd4 Bxd4+ 12. Kh1 Qh4 13. Ne2 Bg7 14. c3 Bb7 15. Be3
c4 16. Bc2 Ng4 17. Bg1 d5 18. Qe1 Qxe1 19. Raxe1 cxd3 20. Bxd3 dxe4 21. Bxe4
Bxe4 22. hxg4 Rfd8 23. Bd4 b4 24. Bxg7 Kxg7 25. Nd4 Bd5 26. a3 bxc3 27. bxc3
Rab8 28. Rb1 Rdc8 29. Rxb8 Rxb8 30. Kg1 Rb2 31. Rf2 Rb1+ 32. Rf1 Rb6 33. Rc1 Bc4
34. Kf2 f6 35. Ke3 e5 36. fxe5 fxe5 37. Nf3 Kf6 38. g5+ Ke6 39. Nd2 Bd5 40. Rf1
Ke7 41. g3 Rb2 42. Rf6 Be6 43. Rf1 Ra2 44. Rh1 Bg8 45. Kd3 Ke6 46. Ne4 Rxa3 47.
Nf6 Bf7 48. Rxh7 Ra1 49. Rh8 a5 50. Rf8 a4 51. Ng4 Rg1 52. Nh6 Rxg3+ 53. Kc4 Rf3
54. Ra8 Kd6+ 55. Nxf7+ Rxf7 56. Ra6+ Kd7 57. Kd5 a3 58. Rxa3 Rf5 59. Ra7+ Kc8
60. Kc6 Kd8 61. Kd6 Kc8 62. Kc6 Kd8 63. Kd6 Kc8 64. Kc6 {Game drawn by
repetition} 1/2-1/2

[Event "Team 45 45 League T66"]
[Site "Internet Chess Club"]
[Date "2015.09.28"]
[Round "4"]
[White "CaptK"]
[Black "bobhill"]
[Result "1-0"]
[WhiteElo "1903"]
[BlackElo "1946"]
[Opening "QGD: 4.Nf3"]
[ECO "D37"]
[Time "22:32:22"]
[TimeControl "2700+45"]

1. d4 d5 2. Nf3 Nf6 3. c4 e6 4. Nc3 h6 5. e3 c6 6. Bd3 Bd6 7. O-O O-O 8. e4 dxe4
9. Nxe4 Nxe4 10. Bxe4 Nd7 11. Bc2 Re8 12. Qd2 Qf6 13. Qd3 Nf8 14. b3 Bd7 15. Bb2
Rad8 16. Bc3 Bc8 17. Rad1 Qe7 18. Qe4 f5 19. Qe2 Ng6 20. g3 Qf7 21. Rd2 f4 22.
Qe4 Nf8 23. Rfd1 fxg3 24. fxg3 b6 25. Ne5 Bxe5 26. dxe5 Rxd2 27. Rxd2 g6 28. Rf2
Qg7 29. Qxc6 Rd8 30. Qe4 Bb7 31. Qg4 Bc6 32. a4 Be8 33. Be4 h5 34. Qf3 Nh7 35.
h4 g5 36. Kh2 Bg6 37. Qe3 g4 38. Bxg6 Qxg6 39. Bd4 Qb1 40. Kg2 Qd1 41. Rd2 Qb1
42. Kh2 Rf8 43. Qd3 Qe1 44. Qe2 Qb1 45. Rb2 Qa1 46. Rd2 Qb1 47. Qd1 Qe4 48. Re2
Qf3 49. Qc2 Qf1 50. Rg2 Rf5 51. Qe2 Qb1 52. Qc2 Qf1 53. b4 Qe1 54. Bc3 Qf1 55.
c5 bxc5 56. bxc5 Nf8 57. c6 Rf7 58. Bb4 Qa6 59. c7 Qc8 60. Bd6 Kg7 61. Rf2 Ng6
62. Rxf7+ Kxf7 63. Qf2+ Kg7 64. Qf6+ Kh7 65. Qf7+ Kh6 66. Bc5 Nf4 67. Be3 {Black
forfeits on time} 1-0

[Event "Team 45 45 League T66"]
[Site "Internet Chess Club"]
[Date "2015.09.27"]
[Round "4"]
[White "diegoami"]
[Black "Gojira"]
[Result "1-0"]
[WhiteElo "1772"]
[BlackElo "1630"]
[Opening "Sicilian: Nimzovich-Rossolimo attack (with ...g6, without ...d6)"]
[ECO "B31"]
[Time "16:31:03"]
[TimeControl "2700+45"]

1. e4 c5 2. Nf3 Nc6 3. Bb5 g6 4. O-O Bg7 5. c3 d5 6. exd5 Qxd5 7. h3 e5 8. d3
Ne7 9. Nbd2 Bf5 10. Bc4 Qd7 11. Ne4 b6 12. Bg5 Bxe4 13. dxe4 f6 14. Qxd7+ Kxd7
15. Rfd1+ Kc7 16. Be3 Na5 17. Be6 Rhd8 18. a3 Rd6 19. Ba2 Rad8 20. Rxd6 Rxd6 21.
b4 Nb7 22. Bc4 f5 23. g3 Rd8 24. Ng5 {Black resigns} 1-0

[Event "Team 45 45 League T66"]
[Site "Internet Chess Club"]
[Date "2015.09.27"]
[Round "4"]
[White "clarinetref"]
[Black "Beetlejuice"]
[Result "1-0"]
[WhiteElo "1656"]
[BlackElo "1787"]
[Opening "Sicilian defense"]
[ECO "B44"]
[Time "15:05:24"]
[TimeControl "2700+45"]

1. e4 c5 2. Nf3 e6 3. d4 cxd4 4. Nxd4 Nc6 5. Bc4 a6 6. a3 Qc7 7. Ba2 Nf6 8. Nc3
Be7 9. Be3 b5 10. f3 Bb7 11. Qd2 Rc8 12. O-O O-O 13. Rfd1 Rfd8 14. Qf2 Nxd4 15.
Bxd4 Bc5 16. Bxc5 Qxc5 17. Qxc5 Rxc5 18. Bb3 Kf8 19. Rd6 Ke7 20. Rad1 Ne8 21.
Rb6 Rc7 22. a4 bxa4 23. Bxa4 f6 24. Rd4 g5 25. Kf2 h5 26. Ke3 Kf7 27. Kd3 Ke7
28. Ne2 Kf7 29. c4 e5 30. Rd5 Bxd5 31. exd5 Ra8 32. d6 Rca7 33. Nc3 Rc8 34. b4
f5 35. c5 Ke6 36. c6 dxc6 37. Bxc6 Nxd6 38. Bd5+ Kd7 39. Bb3 Rac7 40. Nd5 Rc1
41. Rxa6 Rb1 42. Nb6+ Kc7 43. Be6 Re8 44. Nd5+ Kb7 45. Rxd6 Rb2 46. Bxf5 Rxg2
47. Be4 Kb8 48. Nf6 Rc8 49. Nd7+ Kc7 50. Rd5 Rxh2 51. Nxe5 Re8 52. Rc5+ Kb6 53.
Nd7+ Ka6 54. Ra5# {Black checkmated} 1-0

[Event "Team 45 45 League T66"]
[Site "Internet Chess Club"]
[Date "2015.09.27"]
[Round "4"]
[White "swagnik"]
[Black "jjimalo"]
[Result "1/2-1/2"]
[WhiteElo "1811"]
[BlackElo "1892"]
[Opening "Sicilian: Grand Prix attack"]
[ECO "B23"]
[Time "13:01:06"]
[TimeControl "2700+45"]

1. e4 c5 2. Nc3 Nc6 3. f4 g6 4. Nf3 Bg7 5. Bb5 Nd4 6. O-O Nxb5 7. Nxb5 d6 8. d3
Nf6 9. Nc3 O-O 10. Qe1 Bg4 11. Bd2 a6 12. a4 Nd7 13. a5 Bxf3 14. Rxf3 e6 15. Rg3
Qc7 16. Rh3 Rae8 17. Qh4 h5 18. Rf3 Qd8 19. Qxd8 Rxd8 20. f5 Ne5 21. Rff1 Ng4
22. h3 Bd4+ 23. Kh1 Ne3 24. Bxe3 Bxe3 25. g3 Bd4 26. Kg2 d5 27. fxg6 fxg6 28.
exd5 exd5 29. Ne2 Be3 30. Nc3 Bd4 31. Ne2 Be3 32. Nc3 {Game drawn by mutual
agreement} 1/2-1/2

[Event "Team 45 45 League T66"]
[Site "Internet Chess Club"]
[Date "2015.09.26"]
[Round "4"]
[White "MikeTtheGuru"]
[Black "fkramer"]
[Result "1-0"]
[WhiteElo "2029"]
[BlackElo "1795"]
[Opening "English opening"]
[ECO "A13"]
[Time "14:04:34"]
[TimeControl "2700+45"]

1. c4 e6 2. Nc3 f5 3. g3 Nf6 4. Bg2 c6 5. Nf3 d5 6. cxd5 exd5 7. O-O Bd6 8. d3
O-O 9. e4 fxe4 10. dxe4 dxe4 11. Ng5 Bf5 12. Qb3+ Kh8 13. Nf7+ Rxf7 14. Qxf7 Qc8
15. Qc4 Nbd7 16. Nxe4 Nxe4 17. Bxe4 Bh3 18. Bg2 Ne5 19. Qe2 Bg4 20. f3 Bf5 21.
Rd1 Qf8 22. Be3 Re8 23. Bd4 Nd3 24. Qf1 Nb4 25. a3 Nc2 26. Bxa7 Nxa1 27. Rxa1
Be5 28. Qf2 Qf6 29. Re1 Bg6 30. Re2 Qf5 31. Qe1 Qf6 32. Kh1 h6 33. f4 Ra8 34.
fxe5 Qe6 35. Bc5 Bh5 36. Rf2 Rd8 37. Rf8+ Rxf8 38. Bxf8 Kg8 39. Bd6 Qb3 40. Qf2
Bf7 41. h3 Qd1+ 42. Kh2 Qd3 43. Bf1 Qe4 44. Bg2 Qd3 45. Qf3 Qc2 46. Qe4 Qd2 47.
Bb4 Qxb2 48. e6 Be8 49. Qf4 c5 50. Qb8 cxb4 51. Qxe8+ Kh7 52. axb4 Qxb4 53. Qf7
Qc4 54. Bxb7 Qc2+ 55. Bg2 Qa2 56. Qd7 h5 57. e7 h4 58. e8=Q hxg3+ 59. Kxg3 Qa3+
60. Bf3 Qc5 61. Qe4+ {Black resigns} 1-0

[Event "Team 45 45 League T66"]
[Site "Internet Chess Club"]
[Date "2015.09.29"]
[Round "4"]
[White "Schachteufel"]
[Black "elmaestro"]
[Result "1/2-1/2"]
[WhiteElo "1724"]
[BlackElo "1773"]
[Opening "Sicilian: Najdorf, Byrne (English) attack"]
[ECO "B90"]
[Time "12:20:30"]
[TimeControl "2700+45"]

1. e4 c5 2. Nf3 d6 3. d4 cxd4 4. Nxd4 Nf6 5. Nc3 a6 6. Be3 e6 7. f3 Be7 8. Qd2
O-O 9. O-O-O Qc7 10. Kb1 b5 11. g4 Nc6 12. g5 Nh5 13. Nce2 g6 14. Ng3 Ng7 15. h4
Nxd4 16. Bxd4 e5 17. Be3 Ne6 18. h5 Bb7 19. hxg6 fxg6 20. Bh3 Nd8 21. Qh2 Rf7
22. Nf5 Bf8 23. Nh4 Bg7 24. Bg4 Bc8 25. Nf5 Bf8 26. Qd2 gxf5 27. Bh5 Rg7 28.
Qd5+ Be6 29. Qxa8 Nc6 30. g6 Nb4 31. gxh7+ Rxh7 32. Rdg1+ Rg7 33. Rxg7+ Kxg7 34.
Bh6+ Kh7 35. Qxf8 Bxa2+ 36. Ka1 Be6 37. Qg7+ Qxg7 38. Bxg7 Kxg7 39. c3 Nd3 40.
Rd1 Nf4 41. Rxd6 Bc4 42. Be8 fxe4 43. fxe4 a5 44. Rb6 Bd3 45. Bxb5 Bxe4 46. Bc6
Bc2 47. Rb5 Kf6 48. Rxa5 e4 49. Ra4 Bxa4 50. Bxa4 e3 51. Bb5 e2 52. Bxe2 Nxe2
53. Ka2 Ke6 54. Kb3 Kd6 55. Kc4 Nxc3 56. Kxc3 Kc5 57. b4+ Kb5 58. Kb3 Kb6 59.
Kc4 Kc6 60. Kb3 Kb5 61. Kc3 Kb6 62. Kc4 Kc6 63. b5+ Kb6 64. Kb4 Kb7 65. Ka5 Ka7
66. b6+ Kb7 67. Kb5 Kb8 68. Kc6 Kc8 69. Kb5 Kb7 70. Ka5 Kb8 71. Ka6 Ka8 72. b7+
Kb8 73. Kb6 {Black stalemated} 1/2-1/2

[Event "Team 45 45 League T66"]
[Site "Internet Chess Club"]
[Date "2015.09.26"]
[Round "4"]
[White "pishd"]
[Black "nanning"]
[Result "1-0"]
[WhiteElo "1780"]
[BlackElo "1662"]
[Opening "Queen's pawn game"]
[ECO "D04"]
[Time "09:02:49"]
[TimeControl "2700+45"]

1. d4 Nf6 2. Nf3 d5 3. e3 Bf5 4. Nbd2 c6 5. Ne5 Nfd7 6. f4 e6 7. Ndf3 Nxe5 8.
fxe5 Nd7 9. Bd3 Bg4 10. O-O Be7 11. c3 f6 12. Qc2 f5 13. h3 Bxf3 14. Rxf3 c5 15.
b3 O-O 16. Bb2 Rc8 17. Qe2 g5 18. Raf1 Rf7 19. c4 Nf8 20. g4 f4 21. exf4 Rxf4
22. Rxf4 gxf4 23. cxd5 exd5 24. Rxf4 Ne6 25. Rf1 cxd4 26. Qf2 Ng5 27. Kg2 Qe8
28. Qxd4 b6 29. Qxd5+ Kh8 30. e6+ {Black resigns} 1-0